 Dungeon Crawl Stone Soup version 0.29.1-1-gd02db6906a (webtiles) character file.

Game seed: 17547941951793707563

621 Anriel the Poker (level 7, 0/51 HPs)
             Began as a Demonspawn Gladiator on Oct 14, 2022.
             Slain by an orc warrior
             ... wielding a +0 war axe
              (10 damage)
             ... on level 4 of the Dungeon.
             The game lasted 00:21:00 (2929 turns).

Anriel the Poker (Demonspawn Gladiator)             Turns: 2929, Time: 00:21:00

Health: 0/51       AC:  8    Str: 16    XL:     7   Next: 22%
Magic:  7/7        EV: 12    Int:  9    God:
Gold:   233        SH:  0    Dex: 15    Spells: 6/6 levels left

rFire   . . .      SeeInvis .   a - +1 trident
rCold   . . .      Faith    .   (no shield)
rNeg    . . .      Spirit   .   h - +0 ring mail
rPois   .          Reflect  .   c - +0 helmet
rElec   .          Harm     .   (no cloak)
rCorr   .          Rampage  .   (no gloves)
Will    .....                   (no boots)
Stlth   +.........              (no amulet)
HPRegen 0.17/turn               (no ring)
MPRegen 0.10/turn               (no ring)

@: invisible
A: yellow scales 1, demonic magic 2
a: no special abilities


You were on level 4 of the Dungeon.
You visited 1 branch of the dungeon, and saw 5 of its levels.

You collected 233 gold pieces.

Inventory:

Hand Weapons
 a - a +1 trident (weapon)
 g - a +0 glaive
Armour
 c - a +0 helmet (worn)
 h - a +0 ring mail (worn)
 k - a +0 kite shield
Jewellery
 t - a ring of wizardry
Wands
 l - a wand of mindburst (11)
 u - a wand of paralysis (12)
Scrolls
 j - a scroll of immolation
 n - a scroll of magic mapping
 o - 4 scrolls of butterflies
 s - a scroll of teleportation {unknown}
 v - a scroll of amnesia {unknown}
Potions
 d - a potion of cancellation {unknown}
 e - a potion of curing
 f - 2 potions of resistance
 i - a potion of might {unknown}
 p - a potion of haste {unknown}
 q - a potion of heal wounds {unknown}


   Skills:
 + Level 2.8 Fighting
 + Level 4.9 Polearms
 + Level 3.0 Throwing
 + Level 2.5 Armour
 * Level 4.6 Dodging
 + Level 0.7 Stealth


You had 6 spell levels left.
You didn't know any spells.
Your spell library contained the following spells:

 Spells                   Type           Power      Damage    Failure   Level
 Conjure Flame            Conj/Fire      0%         6-21      92%         3
 Dazzling Flash           Conj/Hex       0%         N/A       92%         3
 Ignite Poison            Fire/Tmut/Pois 0%         N/A       92%         3
 Sticky Flame             Conj/Fire      0%         2d3       100%        4
 Agony                    Necr           0%         N/A       100%        5
 Silence                  Hex/Air        0%         N/A       100%        5


Dungeon Overview and Level Annotations

Branches:
Dungeon (5/15)
 Temple: D:4-7

Altars:
Qazlal
Trog

Shops:
D:3 (


Innate Abilities, Weirdness & Mutations

You are partially covered in yellow scales. (AC +2)
Spells you cast may paralyse nearby enemies.


Message History

a +0 club; a jackal corpse An orc warrior and an orc come into view.
The orc warrior shouts!
You hear a shout!
There is an open door, spattered with blood here.
Items here: )) [ ††.
Okay, then.
You feel better.
An orc wizard comes into view. It is wielding a +0 dagger.
Throw: throwing net
Press: ? - help, Q - select action, (/) - cycle Shift-Dir - straight line, f - orc warrior
Aim: an orc warrior, wielding a +0 war axe and wearing a +0 plate armour (60% to hit)
You throw a throwing net.
The throwing net closely misses the orc warrior.
The orc warrior attacks as you move away!
The orc warrior closely misses you.
An orc comes into view. It is wielding a +0 vorpal falchion.
You hit the orc warrior but do no damage.
The orc warrior hits you with a +0 war axe.
You closely miss the orc warrior.
The orc warrior hits you with a +0 war axe!
You completely miss the orc warrior. The orc warrior misses you.
The orc warrior attacks as you move away!
The orc warrior barely misses you.
The orc warrior attacks as you move away!
The orc warrior barely misses you.
There is a stone staircase leading up here.
The orc wizard gestures wildly while chanting.
The orc wizard flickers and vanishes!
Deactivating autopickup; reactivate with Ctrl-A.
The orc warrior hits you with a +0 war axe!
* * * LOW HITPOINT WARNING * * *
You climb upwards.
Reactivating autopickup.
There is a stone staircase leading down here.
You feel better.
The orc warrior hits you with a +0 war axe!
* * * LOW HITPOINT WARNING * * *
You fade into invisibility!
The orc warrior hits you with a +0 war axe!
You die...

...# #..####......####
##.## ##....#.##.#.# #..#
####........# ##.#
###).......# #.###
##...#......# ###...##
#...###.....#
..###..######.#.###.....#
...###....#.......#.....#
....#####....>..@o#.....#
....# ##........#.....#
....# ##...############
....# #...## ....# #..##
...## #### ...######
############ ........##
##..........##
....###..##
##............##


You could see an orc warrior (unable to see you).

Vanquished Creatures
  A phantom (D:5)
  Blork the orc (D:4)
  A scorpion (D:5)
  A howler monkey (D:5)
  2 hounds
  A jelly (D:4)
  4 iguanas
  4 gnolls
  7 adders
  2 worms
  2 dart slugs (D:4)
  7 orcs
  6 endoplasms
  8 giant cockroaches
  9 goblins
  2 hobgoblins
  8 jackals
  5 ball pythons
  2 bats
  4 frilled lizards
  4 kobolds
  7 rats
88 creatures vanquished.

Notes
Turn   | Place    | Note
-------+----------+-------------------------------------------
     0 | D:1      | Anriel the Demonspawn Gladiator began the quest for the
                  | Orb.
     0 | D:1      | Reached XP level 1. HP: 16/16 MP: 1/1
   256 | D:1      | Gained mutation: You are partially covered in yellow
                  | scales. (AC +2) [demonic ancestry]
   256 | D:1      | Reached XP level 2. HP: 19/22 MP: 2/2
   761 | D:1      | Gained mutation: Spells you cast may paralyse adjacent
                  | enemies. [demonic ancestry]
   761 | D:1      | Reached XP level 3. HP: 11/27 MP: 3/3
  1175 | D:2      | Reached skill level 1 in Armour
  1181 | D:2      | Found a stormy altar of Qazlal.
  1220 | D:2      | Reached XP level 4. HP: 33/33 MP: 4/4
  1454 | D:2      | Found a faded altar of an unknown god.
  1568 | D:3      | Found Gatunoa's Weapon Boutique.
  1654 | D:3      | Found a bloodstained altar of Trog.
  2194 | D:4      | Reached XP level 5. HP: 33/38 MP: 5/5
  2218 | D:4      | Noticed Blork the orc
  2234 | D:4      | Killed Blork the orc
  2304 | D:4      | Reached XP level 6. HP: 39/46 MP: 6/6
  2698 | D:5      | Entered Level 5 of the Dungeon
  2842 | D:5      | Gained mutation: Spells you cast may paralyse nearby
                  | enemies. [demonic ancestry]
  2842 | D:5      | Reached XP level 7. HP: 39/51 MP: 7/7
  2929 | D:4      | Slain by an orc warrior

Illustrated notes

Levels and vault maps discovered:
D:1:      psy_arrival_terrarium, layout_basic
D:2:      layout_rooms, basic_altar, ebering_ecumenical_altar_box,
          amcnicky_mini_corridor_feature
D:3:      layout_loops_ring, mainiacjoe_overflow_six_doors_small, serial_shops,
          nicolae_square_shop
D:4:      layout_rooms, grunt_ministairs_1, serial_bayou_pond_e,
          uniq_blork_the_orc
D:5:      layout_gridville, mainiacjoe_overflow_boulevard, uniq_grinder

Skill      XL: |  1  2  3  4  5  6  7 |
---------------+----------------------+-----
Dodging        | 3 4 |  4.6
Polearms       | 3 4 |  4.9
Armour         | 1 2 |  2.5
Throwing       | 2 3 |  3.0
Fighting       | |  2.8
Stealth        | |  0.7

Action                   |  1- 3 |  4- 6 |  7- 9 || total
-------------------------+-------+-------+-------++-------
Melee: Trident           |    94 |   189 |    34 ||   317
       Punch             |     1 |     1 |       ||     2
Throw: Javelin           |     4 |     2 |       ||     6
       Throwing net      |     1 |     2 |     1 ||     4
       Boomerang         |       |    33 |     3 ||    36
  Use: Scroll            |       |    10 |       ||    10
       Potion            |       |       |     3 ||     3
 Stab: Held in net/web   |       |     1 |       ||     1
Armor: Leather armour    |     7 |       |       ||     7
       Ring mail         |    44 |    63 |     9 ||   116
Dodge: Dodged            |    75 |   106 |    23 ||   204
